NWL (28 & UNDER)
CULVER CITY EXTRAS @ SAN DIEGO SMASHERS
05/05/2023
 
TOP OF THE 1ST
Culver City Extras batting - Pitching for San Diego Smashers : RHP David West
Pitching: RHP David West
Batting: LHB Alan Olson 0-0: Ball
1-0: Ball
2-0: Foul Ball, location: 2F
2-1: Foul Ball, location: 2F
2-2: Foul Ball, location: 2F
2-2: Strikes out swinging
Batting: RHB Sergio Pujols 0-0: Ball
1-0: Foul Ball, location: 2F
1-1: Fly out, F9 (Flyball, 9M)
Batting: LHB Tanyu Imai 0-0: Ball
1-0: Foul Ball, location: 2F
1-1: Fly out, F9 (Flyball, 89M)
Top of the 1st over - 0 run(s), 0 hit(s), 0 error(s), 0 left on base; Culver City 0 - San Diego 0
BOTTOM OF THE 1ST
San Diego Smashers batting - Pitching for Culver City Extras : RHP Armando Aguilar
Pitching: RHP Armando Aguilar
Batting: LHB Pedro Cruz 0-0: Ball
1-0: Ground out 1-3 (Groundball, 15)
Batting: RHB Cisco Gatán 0-0: Ball
1-0: Ball
2-0: Ball
3-0: Called Strike
3-1: Base on Balls
Batting: LHB Jeffrey Bascombe 0-0: Ball
1-0: Ball
2-0: Called Strike
2-1: Foul Ball, location: 2F
2-2: Strikes out swinging
Batting: LHB Bob Cunningham 0-0: Ground out 4-3 (Groundball, 4)
Bottom of the 1st over - 0 run(s), 0 hit(s), 0 error(s), 1 left on base; Culver City 0 - San Diego 0
TOP OF THE 2ND
Culver City Extras batting - Pitching for San Diego Smashers : RHP David West
Batting: RHB Ricardo Cabrera 0-0: Ball
1-0: Ball
2-0: Fly out, F7 (Flyball, 7S)
Batting: RHB Salvador Medine 0-0: Fly out, F3 (Line Drive, 3)
Batting: LHB Stan Bates 0-0: Called Strike
0-1: Foul Ball, location: 2F
0-2: Ball
1-2: Ball
2-2: Ball
3-2: Strikes out looking
Top of the 2nd over - 0 run(s), 0 hit(s), 0 error(s), 0 left on base; Culver City 0 - San Diego 0
BOTTOM OF THE 2ND
San Diego Smashers batting - Pitching for Culver City Extras : RHP Armando Aguilar
Batting: LHB Raúl Guerra 0-0: Ball
1-0: Ball
2-0: Foul Ball, location: 2F
2-1: Ball
3-1: Foul Ball, location: 2F
3-2: Foul Ball, location: 2F
3-2: Base on Balls
Batting: RHB Miguel Moreno 0-0: Called Strike
0-1: Called Strike
0-2: Strikes out swinging
Batting: RHB Francisco Castillo 0-0: Ball
1-0: Called Strike
1-1: Ball
2-1: SINGLE (Line Drive, 56)
Raúl Guerra to second
Batting: RHB Manuel Muñóz 0-0: Foul Ball, location: 2F
0-1: SINGLE (Flyball, 8RS)
Raúl Guerra to third
Francisco Castillo to second
Runner from 3rd tries for Home, SAFE, throw made home
Francisco Castillo to third
Manuel Muñóz to second
Now in CF: Ronaldo Gois
Batting: RHB Justin Burgess 0-0: SINGLE (Groundball, 3D)
Francisco Castillo scores
Manuel Muñóz to third
Runner from 3rd tries for Home, SAFE, no throw or cutoff
Batting: LHB Pedro Cruz 0-0: Called Strike
0-1: Ball
1-1: Swinging Strike
1-2: Ball
2-2: Ball
3-2: Base on Balls
Justin Burgess to second
Batting: RHB Cisco Gatán 0-0: Ball
1-0: Called Strike
1-1: Ball
2-1: Ground out 5-3 (Groundball, 5S)
Justin Burgess to third
Pedro Cruz to second
Batting: LHB Jeffrey Bascombe 0-0: Ground out 6-3 (Groundball, 6)
Bottom of the 2nd over - 3 run(s), 3 hit(s), 0 error(s), 2 left on base; Culver City 0 - San Diego 3
TOP OF THE 3RD
Culver City Extras batting - Pitching for San Diego Smashers : RHP David West
Batting: RHB Oscar Rudd 0-0: SINGLE (Line Drive, 78S)
Batting: RHB José Toro 0-0: Ball
1-0: Foul Ball, location: 2F
1-1: Called Strike
1-2: Strikes out swinging
Batting: RHB Francisco Rodríguez 0-0: Fly out, F8 (Flyball, 78M)
Batting: LHB Ronaldo Gois 0-0: Ball
1-0: Ball
2-0: SINGLE (Groundball, 56D)
Oscar Rudd to second
Runner from 2nd tries for 3rd, SAFE, throw made to third
Ronaldo Gois to second
Batting: RHB Sergio Pujols 0-0: Foul Ball, location: 2F
0-1: Ground out 6-3 (Groundball, 6MD)
Top of the 3rd over - 0 run(s), 2 hit(s), 0 error(s), 2 left on base; Culver City 0 - San Diego 3
BOTTOM OF THE 3RD
San Diego Smashers batting - Pitching for Culver City Extras : RHP Armando Aguilar
Batting: LHB Bob Cunningham 0-0: Called Strike
0-1: Ground out 4-3 (Groundball, 34)
Batting: LHB Raúl Guerra 0-0: Called Strike
0-1: Foul Ball, location: 2F
0-2: Fly out, F6 (Popup, 6MS)
Batting: RHB Miguel Moreno 0-0: Ball
1-0: Ball
2-0: Ball
3-0: Called Strike
3-1: Swinging Strike
3-2: Strikes out swinging
Bottom of the 3rd over - 0 run(s), 0 hit(s), 0 error(s), 0 left on base; Culver City 0 - San Diego 3
TOP OF THE 4TH
Culver City Extras batting - Pitching for San Diego Smashers : RHP David West
Batting: LHB Tanyu Imai 0-0: Foul Ball, location: 2F
0-1: Swinging Strike
0-2: Strikes out swinging
Batting: RHB Ricardo Cabrera 0-0: Fly out, F4 (Popup, 34)
Batting: RHB Salvador Medine 0-0: Called Strike
0-1: Ground out 5-3 (Groundball, 5S)
Top of the 4th over - 0 run(s), 0 hit(s), 0 error(s), 0 left on base; Culver City 0 - San Diego 3
BOTTOM OF THE 4TH
San Diego Smashers batting - Pitching for Culver City Extras : RHP Armando Aguilar
Batting: RHB Francisco Castillo 0-0: Foul Ball, location: 2F
0-1: Ball
1-1: Ball
2-1: Ground out 6-3 (Groundball, 6)
Batting: RHB Manuel Muñóz 0-0: Called Strike
0-1: SINGLE (Flyball, 9LS)
Batting: RHB Justin Burgess 0-0: Ball
1-0: SINGLE (Line Drive, 56D)
Manuel Muñóz to second
Batting: LHB Pedro Cruz 0-0: Ball
1-0: Ball
2-0: Ball
3-0: Base on Balls
Manuel Muñóz to third
Justin Burgess to second
Batting: RHB Cisco Gatán 0-0: Ball
1-0: Grounds into double play, 6-4-3 (Groundball, 6M)
Bottom of the 4th over - 0 run(s), 2 hit(s), 0 error(s), 2 left on base; Culver City 0 - San Diego 3
TOP OF THE 5TH
Culver City Extras batting - Pitching for San Diego Smashers : RHP David West
Batting: LHB Stan Bates 0-0: Foul Ball, location: 2F
0-1: Ball
1-1: Swinging Strike
1-2: Ball
2-2: Strikes out swinging
Batting: RHB Oscar Rudd 0-0: Ball
1-0: Ball
2-0: Ground out 1-3 (Groundball, 15S)
Batting: RHB José Toro 0-0: Called Strike
0-1: Ball
1-1: Fly out, F9 (Flyball, 9M)
Top of the 5th over - 0 run(s), 0 hit(s), 0 error(s), 0 left on base; Culver City 0 - San Diego 3
BOTTOM OF THE 5TH
San Diego Smashers batting - Pitching for Culver City Extras : RHP Armando Aguilar
Batting: LHB Jeffrey Bascombe 0-0: Ground out 6-3 (Groundball, 56)
Batting: LHB Bob Cunningham 0-0: Ball
1-0: Called Strike
1-1: Foul Ball, location: 2F
1-2: Ball
2-2: Ball
3-2: Foul Ball, location: 2F
3-2: Base on Balls
Batting: LHB Raúl Guerra 0-0: Fly out, F5 (Popup, 5F)
Batting: RHB Miguel Moreno 0-0: Ball
1-0: Ball
2-0: Swinging Strike
2-1: SINGLE (Groundball, 56)
Bob Cunningham to second
Batting: RHB Francisco Castillo 0-0: Swinging Strike
0-1: Called Strike
0-2: 3-RUN HOME RUN (Flyball, 78XD), Distance : 413 ft
Batting: RHB Manuel Muñóz 0-0: Called Strike
0-1: Called Strike
0-2: Fly out, F5 (Line Drive, 5S)
Bottom of the 5th over - 3 run(s), 2 hit(s), 0 error(s), 0 left on base; Culver City 0 - San Diego 6
TOP OF THE 6TH
Culver City Extras batting - Pitching for San Diego Smashers : RHP David West
Batting: RHB Francisco Rodríguez 0-0: Ball
1-0: Called Strike
1-1: Ball
2-1: Hit by Pitch
Batting: LHB Ronaldo Gois Pickoff Throw to First - Error! E1
Francisco Rodríguez to second
0-0: Ball
1-0: Ball
2-0: DOUBLE (Line Drive, 3D)
Francisco Rodríguez scores
Batting: RHB Sergio Pujols 0-0: Called Strike
0-1: Foul Ball, location: 2F
0-2: Ball
1-2: Ball
2-2: Ball
3-2: SINGLE (Line Drive, 6MD)
Ronaldo Gois to third
Batting: LHB Tanyu Imai 0-0: Called Strike
0-1: Called Strike
0-2: Strikes out looking
Batting: RHB Ricardo Cabrera 0-0: Ball
1-0: Fly out, F9 (Flyball, 89M)
Runner from 3rd tags up, SCORES, no throw
Batting: RHB Salvador Medine 0-0: Foul Ball, location: 2F
0-1: Ground out 5-3 (Groundball, 56)
Top of the 6th over - 2 run(s), 2 hit(s), 1 error(s), 1 left on base; Culver City 2 - San Diego 6
BOTTOM OF THE 6TH
San Diego Smashers batting - Pitching for Culver City Extras : RHP Armando Aguilar
Pitching: RHP Arthur Sullivan
Batting: RHB Justin Burgess 0-0: Called Strike
0-1: Ball
1-1: Ball
2-1: Ground out 3-1 (Groundball, 34)
Batting: LHB Pedro Cruz 0-0: Swinging Strike
0-1: Ball
1-1: Ball
2-1: Swinging Strike
2-2: SINGLE (Line Drive, 56D)
Batting: RHB Cisco Gatán 0-0: Ball
1-0: Foul Ball, location: 2F
1-1: Grounds into double play, U6-3 (Groundball, 6M)
Bottom of the 6th over - 0 run(s), 1 hit(s), 0 error(s), 0 left on base; Culver City 2 - San Diego 6
TOP OF THE 7TH
Culver City Extras batting - Pitching for San Diego Smashers : RHP David West
Batting: LHB Stan Bates 0-0: Ball
1-0: Ball
2-0: Called Strike
2-1: Foul Ball, location: 2F
2-2: SINGLE (Line Drive, 4D)
Batting: RHB Oscar Rudd 0-0: Called Strike
0-1: Fly out, F8 (Flyball, 8RS)
Batting: RHB José Toro 0-0: Ball
1-0: Foul Ball, location: 2F
1-1: Swinging Strike
1-2: Ball
2-2: Foul Ball, location: 2F
2-2: Strikes out swinging
Batting: RHB Francisco Rodríguez 0-0: Fly out, F9 (Flyball, 89M)
Top of the 7th over - 0 run(s), 1 hit(s), 0 error(s), 1 left on base; Culver City 2 - San Diego 6
BOTTOM OF THE 7TH
San Diego Smashers batting - Pitching for Culver City Extras : RHP Arthur Sullivan
Batting: LHB Jeffrey Bascombe 0-0: Ball
1-0: Ground out U3 (Groundball, 3S)
Batting: LHB Bob Cunningham 0-0: Ball
1-0: Called Strike
1-1: Ball
2-1: Called Strike
2-2: Ball
3-2: Fly out, F5 (Popup, 25F)
Batting: LHB Raúl Guerra 0-0: Called Strike
0-1: Ball
1-1: Foul Ball, location: 2F
1-2: Ball
2-2: Foul Ball, location: 2F
2-2: Foul Ball, location: 2F
2-2: Ball
3-2: SOLO HOME RUN (Line Drive, 8LXD), Distance : 432 ft
Batting: RHB Miguel Moreno 0-0: SINGLE (Flyball, 9LS)
Batting: RHB Francisco Castillo 0-0: Called Strike
Miguel Moreno is caught stealing 2nd base
Bottom of the 7th over - 1 run(s), 2 hit(s), 0 error(s), 0 left on base; Culver City 2 - San Diego 7
TOP OF THE 8TH
Culver City Extras batting - Pitching for San Diego Smashers : RHP David West
Now at 1B: Alfredo Fernández
Now at 2B: José González
Batting: LHB Ronaldo Gois 0-0: Ball
1-0: Fly out, F9 (Flyball, 89M)
Batting: RHB Sergio Pujols 0-0: SOLO HOME RUN (Flyball, 8RXD), Distance : 435 ft
Batting: LHB Tanyu Imai 0-0: Called Strike
0-1: Ball
1-1: Foul Ball, location: 2F
1-2: Fly out, F8 (Flyball, 8LXD)
Batting: RHB Ricardo Cabrera 0-0: Foul Ball, location: 2F
0-1: Called Strike
0-2: Foul Ball, location: 2F
0-2: Strikes out swinging
Top of the 8th over - 1 run(s), 1 hit(s), 0 error(s), 0 left on base; Culver City 3 - San Diego 7
BOTTOM OF THE 8TH
San Diego Smashers batting - Pitching for Culver City Extras : RHP Arthur Sullivan
Pitching: RHP Jeff Lynn
Batting: RHB Francisco Castillo 0-0: Ball
1-0: Ball
2-0: Ball
3-0: Foul Ball, location: 2F
3-1: Base on Balls
Batting: RHB Manuel Muñóz 0-0: Bunted foul
0-1: Sac Bunt - play at first, batter OUT! 2-4
Francisco Castillo to second
Batting: RHB Justin Burgess 0-0: SINGLE (Line Drive, 9LS)
Francisco Castillo to third
Runner from 3rd tries for Home, SAFE, no throw or cutoff
Batting: LHB Pedro Cruz 0-0: Called Strike
0-1: Foul Ball, location: 2F
0-2: Fielders Choice at 2nd, 1-6 (Groundball, 15S)
Batting: RHB Cisco Gatán 0-0: Ball
Pedro Cruz steals 2nd base
1-0: Ball
2-0: Called Strike
2-1: Ball
3-1: Base on Balls
Batting: LHB Jeffrey Bascombe 0-0: Ball
1-0: SINGLE (Flyball, 5D)
Pedro Cruz to third
Cisco Gatán to second
Runner from 3rd tries for Home, SAFE, no throw or cutoff
Batting: LHB Bob Cunningham 0-0: Ball
1-0: SINGLE (Line Drive, 56)
Cisco Gatán to third
Jeffrey Bascombe to second
Batting: LHB Alfredo Fernández 0-0: Ball
1-0: Ball
2-0: Called Strike
2-1: Swinging Strike
2-2: Ball
3-2: Base on Balls
Cisco Gatán scores
Jeffrey Bascombe to third
Bob Cunningham to second
Batting: SHB José González 0-0: Foul Ball, location: 2F
0-1: Foul Ball, location: 2F
0-2: Foul Ball, location: 2F
0-2: Ball
1-2: Strikes out swinging
Bottom of the 8th over - 3 run(s), 3 hit(s), 0 error(s), 3 left on base; Culver City 3 - San Diego 10
TOP OF THE 9TH
Culver City Extras batting - Pitching for San Diego Smashers : RHP David West
Pitching: RHP Warren Johnson
Now in RF: Luis Peña
Batting: RHB Salvador Medine 0-0: Ball
1-0: Ball
2-0: Called Strike
2-1: Called Strike
2-2: Ball
3-2: SINGLE (Groundball, 34D)
Batting: LHB Stan Bates 0-0: Grounds into double play, 5-4-3 (Groundball, 5)
Batting: RHB Oscar Rudd 0-0: Foul Ball, location: 2F
0-1: Ball
1-1: Ground out 5-3 (Groundball, 5L)
Top of the 9th over - 0 run(s), 1 hit(s), 0 error(s), 0 left on base; Culver City 3 - San Diego 10
This league is powered by Out of the Park Baseball, the baseball management simulation game for PC, Mac and Linux
Wednesday, December 2nd, 2015 - OOTP Baseball 16.8 Build 38